 Dungeon Crawl Stone Soup version 0.21-a0-46-gdf2c162 (webtiles) character file.

4685 Duffy the Thaumaturge (level 10, -1/50 HPs)
             Began as a Deep Elf Fire Elementalist on June 8, 2017.
             Was a Believer of Vehumet.
             Slain by an orc
             ... wielding a +0 mace
              (4 damage)
             ... on level 8 of the Dungeon.
             The game lasted 00:18:18 (12741 turns).

Duffy the Thaumaturge (Deep Elf Fire Elementalist) Turns: 12741, Time: 00:18:19

Health: -1/50      AC:  8    Str:  7    XL:     10   Next: 21%
Magic:  26/26      EV: 13    Int: 24    God:    Vehumet [**....]
Gold:   348        SH:  0    Dex: 15    Spells: 12/30 levels left

rFire    + + .     SeeInvis .   y - +0 flail (holy)
rCold    . . .     Gourm    .   (no shield)
rNeg     . . .     Faith    .   p - +2 robe {rC+ rF+}
rPois    .         Spirit   .   (no helmet)
rElec    .         Reflect  .   (no cloak)
rCorr    .         Harm     .   A - +0 pair of gloves
MR       +....                  (no boots)
Stlth    ++........             (no amulet)
Regen    0.2/turn               n - ring of fire
MPRegen  0.2/turn               u - +3 ring of protection

@: no status effects
A: claws 1, strong 1
a: Renounce Religion


You were on level 8 of the Dungeon.
You worshipped Vehumet.
Vehumet was pleased with you.
You were not hungry.

You visited 2 branches of the dungeon, and saw 9 of its levels.
You also visited: Ossuary.

You collected 348 gold pieces.

Inventory:

Hand Weapons
 y - a +0 flail of holy wrath (weapon)
Missiles
 E - 7 curare-tipped needles
Armour
 p - a +2 robe of resistance (worn)
 A - a +0 pair of gloves (worn)
 H - the +3 leather armour of the Moon {rC+}
   (You found it on level 7 of the Dungeon)

   It protects you from cold.
Jewellery
 n - a ring of fire (left hand)
 o - an uncursed ring of magical power {unknown}
 u - a +3 ring of protection (right hand)
 x - an uncursed ring of poison resistance
Wands
 a - a wand of iceblast (9/15)
 w - a wand of acid (6/15)
 I - a wand of iceblast (5/15)
Scrolls
 d - a scroll of magic mapping {unknown}
 e - 2 scrolls of immolation
 g - 3 scrolls of fog
 h - 2 scrolls of fear {unknown}
 i - 7 scrolls of teleportation
 l - 2 scrolls of remove curse
 r - a scroll of recharging {unknown}
 s - 2 scrolls of enchant armour
 z - a scroll of amnesia
 F - a scroll of blinking {unknown}
Potions
 j - 2 potions of curing
 t - a potion of brilliance {unknown}
 v - a potion of haste {unknown}
 B - a potion of ambrosia {unknown}
 C - a potion of agility {unknown}
 G - a potion of magic {unknown}
Books
 b - a book of Flames

   Spells                             Type                      Level
   a - Flame Tongue                   Conjuration/Fire             1
   b - Throw Flame                    Conjuration/Fire             2
   c - Conjure Flame                  Conjuration/Fire             3
   d - Inner Flame                    Hexes/Fire                   3
   e - Sticky Flame                   Conjuration/Fire             4
   f - Fireball                       Conjuration/Fire             5
 k - a book of Minor Magic

   Spells                             Type                      Level
   a - Magic Dart                     Conjuration                  1
   b - Blink                          Translocation                2
   c - Call Imp                       Summoning                    2
   d - Slow                           Hexes                        2
   e - Conjure Flame                  Conjuration/Fire             3
   f - Mephitic Cloud                 Conjuration/Poison/Air       3
 m - a book of Changes

   Spells                             Type                      Level
   a - Beastly Appendage              Transmutation                1
   b - Sticks to Snakes               Transmutation                2
   c - Spider Form                    Transmutation/Poison         3
   d - Ice Form                       Ice/Transmutation            4
   e - Blade Hands                    Transmutation                5
Comestibles
 c - 3 bread rations
 f - 3 meat rations
 q - 9 fruits
 D - a royal jelly


   Skills:
 - Level 2.4 Dodging
 - Level 2.4 Stealth
 + Level 10.7 Spellcasting
 - Level 10.0 Conjurations
 - Level 2.8 Translocations
 + Level 9.7 Fire Magic


You had 12 spell levels left.
You knew the following spells:

 Your Spells              Type           Power        Failure   Level  Hunger
a - Flame Tongue          Conj/Fire      #####        1%          1    None
c - Mephitic Cloud        Conj/Pois/Air  ####....     3%          3    None
j - Sticky Flame          Conj/Fire      ######..     1%          4    None
k - Fireball              Conj/Fire      ######....   2%          5    ####...
l - Conjure Flame         Conj/Fire      ######..     1%          3    None
B - Blink                 Tloc           N/A          2%          2    None


Dungeon Overview and Level Annotations

Branches:
Dungeon (8/15)             Temple (1/1) D:4
   Lair: D:8-11

Altars:
Ashenzari
Cheibriados
Dithmenos
Elyvilon
Fedhas
Gozag
Hepliaklqana
Kikubaaqudgha
Makhleb
Nemelex Xobeh
Okawaru
Qazlal
Ru
Sif Muna
Trog
Uskayaw
Vehumet
Wu Jian
Xom
Yredelemnul
Zin
The Shining One

Annotations:
D:5 exclusion: upstairs


Innate Abilities, Weirdness & Mutations

You have sharp fingernails.
Your muscles are strong. (Str +2)


Message History

The orc shouts!
You sock the killer bee zombie!
The killer bee zombie convulses.
The killer bee zombie is almost destroyed.
The killer bee zombie barely misses you. x2
The orc hits you but does no damage.
The killer bee zombie barely misses you.
You hit the killer bee zombie.
You destroy the killer bee zombie!
Vehumet accepts your kill. The orc closely misses you.
The orc hits you from afar with a trident.
The orc hits you.
You hit the orc but do no damage. The orc barely misses you.
The orc hits you from afar with a trident.
The orc misses you. The orc hits you with a mace!
The orc hits you with a short sword.
You barely miss the orc. The orc misses you.
The orc hits you but does no damage. The orc misses you.
The orc hits you with a mace.
You die...

.......... ......
.......... #.....
#.......
##.....##.<....
.......+.....#
....... #....# .
#...o #.<..##...
##..oo##.........
#....o@..........
+)...o......#####
##..........#
#######.......
#....##.. ######
.. .


You could see 5 orcs.

Vanquished Creatures
  Grinder (D:3)
  Eustachio (D:4)
  Menkaure (D:6)
  A water moccasin (D:6)
  Duvessa (D:6)
  An orc warrior (D:6)
  A phantom (D:7)
  An ice beast (D:5)
  2 sky beasts (D:7)
  A black bear (D:4)
  5 ogres
  A necrophage (D:6)
  2 centaurs
  2 bullfrogs
  Dowan (D:6)
  11 scorpions
  4 killer bees (D:7)
  8 wights
  A howler monkey (D:6)
  A bullfrog zombie (D:5)
  3 centaur zombies (Ossuary)
  A crimson imp (D:7)
  A human zombie (Ossuary)
  11 orc priests
  11 orc wizards
  A gnoll shaman (D:7)
  2 hounds
  A jelly (D:7)
  2 bullfrog skeletons (D:5)
  4 worker ants
  A big kobold zombie (Ossuary)
  A killer bee zombie (D:8)
  A hound zombie (D:6)
  3 mummies (Ossuary)
  A worker ant zombie (D:7)
  4 gnolls (D:7)
  11 adders
  A howler monkey skeleton (D:4)
  3 scorpion zombies (Ossuary)
  5 shadow imps
  3 oozes
  3 worms
  2 dart slugs (D:1)
  4 leopard geckos
  30 orcs
  8 giant cockroaches
  6 goblins
  7 hobgoblins
  9 jackals
  3 quokkas
  4 ball pythons
  6 bats
  5 frilled lizards
  2 gnoll zombies (Ossuary)
  2 goblin zombies
  2 hobgoblin zombies (Ossuary)
  7 kobolds
  A kobold zombie (Ossuary)
  An orc zombie (Ossuary)
  7 rats
227 creatures vanquished.

Vanquished Creatures (others)
  A scorpion zombie (Ossuary)
  A shadow imp (D:5)
  A kobold zombie (Ossuary)
3 creatures vanquished.

Grand Total: 230 creatures vanquished

Notes
Turn   | Place    | Note
-------+----------+-------------------------------------------
     0 | D:1      | Duffy the Deep Elf Fire Elementalist began the quest for the Orb.
     0 | D:1      | Reached XP level 1. HP: 10/10 MP: 6/6
   226 | D:1      | Reached XP level 2. HP: 14/15 MP: 4/8
   844 | D:1      | Reached XP level 3. HP: 19/19 MP: 6/10
   863 | D:1      | Learned a level 3 spell: Conjure Flame
  1416 | D:2      | Found an iron altar of Okawaru.
  1464 | D:2      | Learned a level 2 spell: Blink
  1490 | D:2      | Found a faded altar of an unknown god.
  1710 | D:2      | Reached XP level 4. HP: 24/24 MP: 9/11
  1720 | D:2      | Learned a level 4 spell: Sticky Flame
  2508 | D:1      | Reached XP level 5. HP: 7/28 MP: 3/13
  3100 | D:3      | Noticed Grinder
  3287 | D:3      | Killed Grinder
  3287 | D:3      | Reached skill level 5 in Spellcasting
  3287 | D:3      | Reached skill level 5 in Conjurations
  3287 | D:3      | Reached XP level 6. HP: 32/32 MP: 7/15
  3362 | D:3      | Learned a level 3 spell: Mephitic Cloud
  3751 | D:3      | Reached skill level 5 in Fire Magic
  4547 | D:4      | Reached XP level 7. HP: 25/36 MP: 1/17
  4568 | D:4      | Found a sand-covered staircase.
  4654 | D:4      | Noticed Eustachio
  4659 | Ossuary  | Entered an ossuary
  4953 | Ossuary  | Learned a level 5 spell: Fireball
  5400 | Ossuary  | Reached XP level 8. HP: 30/41 MP: 11/19
  6041 | D:4      | Killed Eustachio
  6201 | D:4      | Found a faded altar of an unknown god.
  6201 | D:4      | Found a bloodstained altar of Trog.
  6206 | D:4      | Found a shimmering altar of Xom.
  6208 | D:4      | Found a hazy altar of Hepliaklqana.
  6209 | D:4      | Found a faded altar of an unknown god.
  6348 | D:4      | Found a staircase to the Ecumenical Temple.
  6454 | D:5      | Entered Level 5 of the Dungeon
  6618 | D:5      | Found a stormy altar of Qazlal.
  6667 | D:5      | Found a hide-covered altar of Uskayaw.
  6667 | D:5      | Found a white marble altar of Elyvilon.
  6713 | D:5      | Reached skill level 1 in Translocations
  7058 | Temple   | Entered the Ecumenical Temple
  7210 | Temple   | Became a worshipper of Vehumet
  7486 | D:4      | Reached XP level 9. HP: 40/45 MP: 11/23
  8338 | D:5      | Found a shattered altar of Ashenzari.
  9210 | D:6      | Noticed Menkaure
  9243 | D:6      | Killed Menkaure
  9318 | D:6      | Noticed Duvessa
  9320 | D:6      | Killed Duvessa
  9321 | D:6      | Noticed Dowan
  9334 | D:6      | Reached * piety under Vehumet
  9334 | D:6      | Offered knowledge of Shock by Vehumet.
  9403 | D:6      | Killed Dowan
 10282 | D:6      | Reached skill level 10 in Spellcasting
 11459 | D:7      | Reached XP level 10. HP: 50/50 MP: 14/26
 11540 | D:7      | Reached skill level 10 in Conjurations
 11671 | D:7      | Got a polished leather armour
 11682 | D:7      | Identified the +3 leather armour of the Moon {rC+} (You found it on level 7 of the Dungeon)
 11724 | D:7      | Reached ** piety under Vehumet
 11724 | D:7      | Offered knowledge of Sandblast by Vehumet.
 12100 | D:7      | Gained mutation: Your magical capacity is low. (-10% MP) [mutagenic meat]
 12110 | D:7      | Gained mutation: Your flesh is heat resistant. (rF+) [mutagenic meat]
 12111 | D:7      | Gained mutation: You have a somewhat thin skeletal structure. (Dex +2, Stealth) [mutagenic meat]
 12112 | D:7      | Gained mutation: You are clumsy. (Dex -2) [mutagenic meat]
 12179 | D:7      | Lost mutation: You have a somewhat thin skeletal structure. (Dex +2, Stealth) [potion of mutation]
 12179 | D:7      | Lost mutation: Your magical capacity is low. (-10% MP) [potion of mutation]
 12179 | D:7      | Lost mutation: You are clumsy. (Dex -2) [potion of mutation]
 12179 | D:7      | Gained mutation: You expend magic power (3 MP) to strengthen your wands. [potion of mutation]
 12179 | D:7      | Gained mutation: Your muscles are strong. (Str +2) [potion of mutation]
 12247 | D:7      | Lost mutation: You expend magic power (3 MP) to strengthen your wands. [potion of mutation]
 12247 | D:7      | Lost mutation: Your muscles are strong. (Str +2) [potion of mutation]
 12247 | D:7      | Lost mutation: Your flesh is heat resistant. (rF+) [potion of mutation]
 12247 | D:7      | Gained mutation: You are frail. (-10% HP) [potion of mutation]
 12247 | D:7      | Gained mutation: You are dopey. (Int -2) [potion of mutation]
 12247 | D:7      | Gained mutation: You are surrounded by a mild repulsion field. (EV +2) [potion of mutation]
 12247 | D:7      | Gained mutation: You are partially covered in thin metallic scales. (AC +2) [potion of mutation]
 12248 | D:7      | Lost mutation: You are partially covered in thin metallic scales. (AC +2) [potion of mutation]
 12248 | D:7      | Lost mutation: You are dopey. (Int -2) [potion of mutation]
 12248 | D:7      | Lost mutation: You are frail. (-10% HP) [potion of mutation]
 12248 | D:7      | Lost mutation: You are surrounded by a mild repulsion field. (EV +2) [potion of mutation]
 12248 | D:7      | Gained mutation: You have sharp fingernails. [potion of mutation]
 12248 | D:7      | Gained mutation: Your muscles are strong. (Str +2) [potion of mutation]
 12741 | D:8      | Slain by an orc

Vault maps used:
D:1:      minmay_arrival_stone_box
D:2:      chequers_ecumenical_altar_simple_redux, okawaru_trees_2
D:3:      kennysheep_generic_room_8, uniq_grinder
D:4:      chequers_temple_overflow_minitemple, minmay_temple_entry_from_below_a,
          enter_ossuary_3, uniq_eustachio
D:5:      gammafunk_temple_overflow_elements, ashenzari_altar_1, first_bread,
          nicolae_qazlal_eye_of_the_storm
D:6:      grunt_decor_mini_mirrors, uniq_duvessa, uniq_menkaure
D:8:      serial_shops, shop, basic_altar, hangedman_ranch,
          nemelex_lonely_heart_becter, uniq_erica
Temple:   nicolae_temple_elliptical
Ossuary:  ossuary_minmay_scorpions

Skill      XL: |  1  2  3  4  5  6  7  8  9 10 |
---------------+-------------------------------+-----
Conjurations   | 2 3 5 7 8 9 10 | 10.0
Fire Magic     | 4 5 6 9 |  9.7
Spellcasting   | 4 5 6 8 10 | 10.7
Translocations | 2 |  2.8
Dodging        | |  2.4
Stealth        | |  2.4

Action                   |  1- 3 |  4- 6 |  7- 9 | 10-12 || total
-------------------------+-------+-------+-------+-------++-------
Melee: Flail             |       |       |    58 |    62 ||   120
 Cast: Flame Tongue      |    67 |    94 |   259 |    36 ||   456
       Sticky Flame      |       |     6 |    38 |     6 ||    50
       Conjure Flame     |       |     2 |    24 |     2 ||    28
       Fireball          |       |       |     7 |       ||     7
  Use: Scroll            |       |       |     8 |       ||     8
       Potion            |       |       |     4 |     3 ||     7
 Stab: Distracted        |       |       |       |     1 ||     1
  Eat: Chunk             |     2 |    10 |    16 |     8 ||    36
       Bread ration      |       |       |     2 |       ||     2
Armor: Robe              |     3 |     2 |    37 |    31 ||    73
Dodge: Dodged            |    12 |    18 |    95 |    59 ||   184
